 Dungeon Crawl Stone Soup version 0.21.1-1-g345015f (webtiles) character file.

0 shakethe the Ducker (level 1, 0/16 HPs)
             Began as a Demonspawn Gladiator on Feb 27, 2018.
             Slain by a kobold
             ... wielding a +0 club
              (2 damage)
             ... on level 1 of the Dungeon.
             The game lasted 00:00:07 (14 turns).

shakethe the Ducker (Demonspawn Gladiator)            Turns: 14, Time: 00:00:08

Health: 0/16       AC:  4    Str: 14    XL:     1   Next: 8%
Magic:  1/1        EV: 12    Int:  9    God:
Gold:   0          SH:  0    Dex: 14    Spells: 0/0 levels left

rFire    . . .     SeeInvis .   a - +0 war axe
rCold    . . .     Gourm    .   (no shield)
rNeg     . . .     Faith    .   b - +0 leather armour
rPois    .         Spirit   .   c - +0 helmet
rElec    .         Reflect  .   (no cloak)
rCorr    .         Harm     .   (no gloves)
MR       .....                  (no boots)
Stlth    +.........             (no amulet)
HPRegen  0.05/turn              (no ring)
MPRegen  0.07/turn              (no ring)

@: no status effects
A: no striking features
a: no special abilities


You were on level 1 of the Dungeon.
You were not hungry.

You visited 1 branch of the dungeon, and saw 1 of its levels.

Inventory:

Hand Weapons
 a - a +0 war axe (weapon)
Missiles
 d - 3 throwing nets {=f, !d}
Armour
 b - a +0 leather armour (worn)
 c - a +0 helmet (worn)
Comestibles
 f - a ration


   Skills:
 + Level 2.0 Fighting
 * Level 2.7 Axes
 - Level 1.7 Throwing
 + Level 2.7 Dodging


You couldn't memorise any spells.
You didn't know any spells.

Dungeon Overview and Level Annotations

Branches:
Dungeon (1/15)

Altars:


Message History

Welcome, shakethe the Demonspawn Gladiator.
The bosom of this dungeon contains the fabled artefact, the Orb of Zot.
Found a staircase leading out of the dungeon.
A bat, a hobgoblin and a kobold come into view.
The hobgoblin shouts!
The kobold shouts!
You hit the bat.
You kill the bat!
Your leather armour prevents you from hitting the kobold.
The kobold hits you with a club.
You closely miss the kobold. The kobold closely misses you.
The hobgoblin hits you.
A frilled lizard comes into view.
You closely miss the kobold. You closely miss the hobgoblin.
The frilled lizard hisses angrily.
The kobold hits you with a club. The hobgoblin hits you.
The kobold hits you but does no damage.
You closely miss the kobold. You hit the hobgoblin but do no damage.
The hobgoblin barely misses you. The kobold closely misses you.
You barely miss the kobold. You hit the hobgoblin. The hobgoblin hits you.
The kobold hits you but does no damage. The hobgoblin hits you.
* * * LOW HITPOINT WARNING * * *
You are too injured to fight recklessly!
You are too injured to fight recklessly!
You are too injured to fight recklessly!
You take 13 damage, and have 3/16 hp.
MASSIVE DAMAGE!!
You barely miss the hobgoblin. You barely miss the kobold.
The kobold hits you with a club.
* * * LOW HITPOINT WARNING * * *
The hobgoblin closely misses you.
You take 1 damage, and have 2/16 hp.
You hit the hobgoblin but do no damage. You closely miss the frilled lizard.
You hit the kobold but do no damage. The kobold closely misses you.
The hobgoblin hits you but does no damage.
The frilled lizard closely misses you. The kobold hits you with a club.
You die...

.... .... ...#
....... ######..#
....... ........#
....... ........#
.......
........##......#
.........K.......
......#.@g.......
......†..l♣♣♣♣♣♣♣♣♣
......#..♣..PP..PP♣
..... #..♣...P..PP♣
.... #..♣P...PP..♣
... ...♣PP.<.P..♣
.. ....♣..P...PP♣ #
##...♣..PP...P♣
....♣PP..P...♣


You could see a hobgoblin, a kobold and a frilled lizard.

Vanquished Creatures
  A bat (D:1)
1 creature vanquished.

Notes
Turn   | Place    | Note
-------+----------+-------------------------------------------
     0 | D:1      | shakethe the Demonspawn Gladiator began the quest for the Orb.
     0 | D:1      | Reached XP level 1. HP: 16/16 MP: 1/1
    12 | D:1      | HP: 3/16 [hobgoblin (5)]
    14 | D:1      | Slain by a kobold

Action                   || total
-------------------------++-------
Melee: War axe           ||     8
Armor: Leather armour    ||     3
Dodge: Dodged            ||     6

Vault maps used:
D:1:      scummos_arrival_checkerplants, serial_forest,
          infiniplex_forest_clump_double, infiniplex_forest_clump_tiny,
          infiniplex_forest_straight_4, infiniplex_forest_clump_medium,
          infiniplex_forest_clump_curved, infiniplex_forest_clump_small

Table legend:
 A = Turns spent in this place as a percentage of turns spent in the entire game.
 B = Non-inter-level travel turns spent in this place as a percentage of non-inter-level travel turns spent in the entire game.
 C = Inter-level travel turns spent in this place as a percentage of turns spent in this place.
 D = Turns resting spent in this place as a percentage of non-inter-level travel turns spent in this place.
 E = Turns spent auto-exploring this place as a percentage of non-inter-level travel turns spent in this place.
 F = Non-inter-level travel turns spent in this place divided by the number of levels of this place that you've seen.
                   A       B       C       D       E      F
               +-------+-------+-------+-------+-------+----------------------
         Total | 100.0 | 100.0 |   0.0 |   0.0 |  21.4 |  14.0
       Dungeon | 100.0 | 100.0 |   0.0 |   0.0 |  21.4 |  14.0
               +-------+-------+-------+-------+-------+----------------------

Table legend:
 A = Kills in this place as a percentage of kills in entire the game.
 B = Kills by you in this place as a percentage of kills by you in the entire game.
 C = Kills by friends in this place as a percentage of kills by friends in the entire game.
 D = Other kills in this place as a percentage of other kills in the entire game.
 E = Experience gained in this place as a percentage of experience gained in the entire game.
 F = Experience gained in this place divided by the number of levels of this place that you have seen.
                   A       B       C       D       E      F
               +-------+-------+-------+-------+-------+----------------------
         Total | 100.0 | 100.0 |   N/A |   N/A | 100.0 |   1.0
       Dungeon | 100.0 | 100.0 |   N/A |   N/A | 100.0 |   1.0
               +-------+-------+-------+-------+-------+----------------------
